 Dungeon Crawl Stone Soup version 0.21.1-1-g345015f (webtiles) character file.

5252 teukkam the Grappler (level 10, -3/106 HPs)
             Began as a Troll Monk on June 14, 2018.
             Slain by a seven-headed hydra (14 damage)
             ... on level 2 of the Lair of Beasts on June 20, 2018.
             The game lasted 00:37:12 (8408 turns).

teukkam the Grappler (Troll Monk)                   Turns: 8408, Time: 00:37:13

Health: -3/106     AC: 10    Str: 24    XL:     10   Next: 36%
Magic:  9/9        EV: 10    Int:  8    God:
Gold:   454        SH:  0    Dex: 12    Spells: 9/9 levels left

rFire    . . .     SeeInvis .   b - +4 quarterstaff (chaos)
rCold    + . .     Gourm    +   (shield currently unavailable)
rNeg     . . .     Faith    .   a - +0 robe
rPois    .         Spirit   .   (helmet restricted)
rElec    .         Reflect  .   p - +2 cloak
rCorr    +         Harm     .   (gloves unavailable)
MR       .....                  (boots unavailable)
Stlth    ++........             (no amulet)
HPRegen  0.67/turn              d - ring of resist corrosion
MPRegen  0.11/turn              i - ring of protection from cold

@: no status effects
A: large, unfitting armour, claws 3, yellow scales 1, clever 1, fast metabolism
3, gourmand, regeneration 1, shaggy fur 1, tough skin 2
a: no special abilities


You were on level 2 of the Lair of Beasts.
You were completely stuffed.

You visited 2 branches of the dungeon, and saw 11 of its levels.
You also visited: Bailey.

You collected 454 gold pieces.

Inventory:

Hand Weapons
 b - a +4 quarterstaff of chaos (weapon)
 j - a +3 dagger of protection
 z - a +0 hunting sling
 E - a +1 spear of freezing
Missiles
 c - 4 needles of confusion
 h - 58 sling bullets
 x - 2 throwing nets
 D - 16 tomahawks (quivered)
 H - 13 tomahawks of returning
Armour
 a - a +0 robe (worn)
 p - a +2 cloak (worn)
Jewellery
 d - a ring of resist corrosion (left claw)
 i - a ring of protection from cold (right claw)
Wands
 u - a wand of flame (19)
 y - a wand of polymorph (5)
Scrolls
 e - a scroll of magic mapping
 f - a scroll of noise {unknown}
 g - 10 scrolls of identify {unknown}
 k - 2 scrolls of enchant weapon {unknown}
 m - 2 scrolls of immolation {unknown}
 o - 8 scrolls of teleportation {unknown}
 r - a scroll of enchant armour {unknown}
 t - a scroll of amnesia {unknown}
 w - 2 scrolls of blinking {unknown}
 F - a scroll of random uselessness {unknown}
Potions
 n - a potion of flight
 q - 3 potions of curing
 s - a potion of haste
 v - 3 potions of brilliance
 C - a potion of heal wounds
Books
 A - a book of Maledictions

   Spells                             Type                      Level
   a - Corona                         Hexes                        1
   b - Ensorcelled Hibernation        Hexes/Ice                    2
   c - Confuse                        Hexes                        3
   d - Tukima's Dance                 Hexes                        3
   e - Dazzling Spray                 Conjuration/Hexes            3
Comestibles
 l - 12 rations
 G - 5 chunks of flesh


   Skills:
 - Level 8.9 Fighting
 + Level 5.2 Throwing
 - Level 2.4 Dodging
 - Level 1.0 Stealth
 - Level 10.5 Unarmed Combat


You had 9 spell levels left.
You didn't know any spells.

Dungeon Overview and Level Annotations

Branches:
Dungeon (9/15)             Temple (0/1) D:4            Lair (2/6) D:9
  Swamp: Lair:2-4    Shoals: Lair:2-4     Snake: Lair:2-4    Spider: Lair:2-4
    Orc: D:9-12

Altars:
Makhleb
Nemelex Xobeh
Qazlal
Sif Muna
Uskayaw
Vehumet
Wu Jian
Xom
Zin
The Shining One


Innate Abilities, Weirdness & Mutations

You are too large for most types of armour.
You have claws for hands.
Your metabolism is lightning-fast.
You like to eat raw meat.
Your natural rate of healing is unusually fast.
You are covered in fur. (AC +1)
You have very tough skin. (AC +2)
You are partially covered in yellow scales. (AC +2)
Your mind is acute. (Int +2)


Message History

Okay, then.
You feel much better. The seven-headed hydra bites you!
The seven-headed hydra bites you.
* * * LOW HITPOINT WARNING * * *
The seven-headed hydra bites you but does no damage.
The seven-headed hydra closely misses you.
The seven-headed hydra barely misses you.
The seven-headed hydra bites you.
* * * LOW HITPOINT WARNING * * *
The seven-headed hydra completely misses you.
You hit the seven-headed hydra.
The seven-headed hydra is lightly wounded.
The seven-headed hydra bites you!
* * * LOW HITPOINT WARNING * * *
The seven-headed hydra bites you.
* * * LOW HITPOINT WARNING * * *
The seven-headed hydra bites you.
* * * LOW HITPOINT WARNING * * *
The seven-headed hydra bites you!
You die...

#...# ## ##...##
#.# ##.....#
##..### #.#...#
.##..#..####....#
................#
................#
#..D@..<..#######
#.#.........##.#.#
###P............##
###..........#P#
#.#.....###P####
### ##..%..#.####
##.###.....####
##.##.#.......#
#.#.........P##


You could see a seven-headed hydra.

Vanquished Creatures
  An orc knight (Bailey)
  A black mamba (Lair:2)
  A hippogriff (Lair:2)
  Sigmund (D:6)
  The ghost of Supahsalami the Skirmisher, an amateur DsAK of Lugonu (D:4)
  A hungry ghost (D:7)
  3 porcupines (D:9)
  3 orc warriors (Bailey)
  4 ice beasts
  A sky beast (D:6)
  6 black bears
  2 ogres
  3 centaurs
  2 bullfrogs
  A gnoll sergeant (D:7)
  A water moccasin zombie (D:8)
  3 scorpions
  A howler monkey (D:5)
  2 crimson imps
  3 hounds
  4 orc priests
  2 jellies (D:5)
  Crazy Yiuf (D:3)
  6 iguanas
  9 orc wizards
  Jessica (D:3)
  Natasha (thrice) (D:3)
  4 worker ants
  A killer bee zombie (D:7)
  19 gnolls
  A howler monkey skeleton (D:6)
  11 adders
  3 shadow imps
  2 adder zombies (D:5)
  3 worms
  2 dart slugs
  5 leopard geckos
  57 orcs
  A ball python (D:1)
  A giant cockroach (D:1)
  33 goblins
  21 hobgoblins
  8 jackals
  2 quokkas (D:4)
  A ball python skeleton (D:4)
  10 bats
  4 frilled lizards
  A jackal skeleton (D:5)
  7 kobolds
  A leopard gecko zombie (D:6)
  5 rats
270 creatures vanquished.

Vanquished Creatures (others)
  A fungus (D:9)
  A plant (D:3)
2 creatures vanquished.

Grand Total: 272 creatures vanquished

Notes
Turn   | Place    | Note
-------+----------+-------------------------------------------
     0 | D:1      | teukkam the Troll Monk began the quest for the Orb.
     0 | D:1      | Reached XP level 1. HP: 22/22 MP: 0/0
   144 | D:3      | Reached XP level 2. HP: 29/29 MP: 1/1
   201 | D:3      | Noticed Natasha
   202 | D:3      | Gained mutation: You expend magic power (3 MP) to strengthen your wands. [potion of mutation]
   202 | D:3      | Gained mutation: Your body sometimes deteriorates upon taking damage. [potion of mutation]
   202 | D:3      | Gained mutation: You have an increased reservoir of magic. (+10% MP) [potion of mutation]
   211 | D:3      | Killed Natasha
   211 | D:3      | Reached XP level 3. HP: 26/37 MP: 2/2
   629 | D:1      | Reached skill level 4 in Unarmed Combat
  1348 | D:2      | Reached XP level 4. HP: 44/45 MP: 3/3
  1419 | D:2      | Found a hide-covered altar of Uskayaw.
  1719 | D:3      | Noticed Natasha
  1719 | D:4      | Found a staircase to the Ecumenical Temple.
  1812 | D:4      | Reached XP level 5. HP: 17/54 MP: 4/4
  1971 | D:4      | Reached skill level 5 in Unarmed Combat
  2034 | D:5      | Entered Level 5 of the Dungeon
  2081 | D:5      | Noticed an ogre
  2089 | D:5      | Killed an ogre
  2089 | D:5      | Reached XP level 6. HP: 25/63 MP: 5/5
  2389 | D:4      | Noticed Supahsalami's ghost (amateur DsAK)
  2390 | D:4      | Noticed an ice beast
  2468 | D:3      | Reached skill level 6 in Unarmed Combat
  2525 | D:3      | Found a glowing silver altar of Zin.
  2538 | D:3      | Noticed an angel
  2538 | D:3      | Found a shimmering altar of Xom.
  2560 | D:3      | Reached skill level 5 in Fighting
  2560 | D:3      | Reached XP level 7. HP: 72/72 MP: 6/6
  2645 | D:3      | Killed Natasha
  2647 | D:3      | Noticed Jessica
  2649 | D:3      | Killed Jessica
  2880 | D:3      | Found a runed door.
  3160 | D:6      | Noticed Sigmund
  3176 | D:6      | Killed Sigmund
  3176 | D:6      | Reached skill level 7 in Unarmed Combat
  3176 | D:6      | Reached XP level 8. HP: 71/83 MP: 7/7
  3532 | D:7      | Found a flagged portal.
  3538 | Bailey   | Entered a bailey
  3888 | Bailey   | Noticed an orc knight
  3904 | Bailey   | HP: 1/84 [orc knight/war axe (23)]
  3905 | Bailey   | Killed an orc knight
  3905 | Bailey   | Reached skill level 8 in Unarmed Combat
  4089 | Bailey   | Reached XP level 9. HP: 71/93 MP: 8/8
  4153 | Bailey   | Reached skill level 9 in Unarmed Combat
  4224 | Bailey   | Noticed an orc warlord
  4397 | D:6      | Found a stormy altar of Qazlal.
  4827 | D:2      | Lost mutation: Your body sometimes deteriorates upon taking damage. [potion of mutation]
  4827 | D:2      | Lost mutation: You have an increased reservoir of magic. (+10% MP) [potion of mutation]
  4827 | D:2      | Lost mutation: You expend magic power (3 MP) to strengthen your wands. [potion of mutation]
  4827 | D:2      | Gained mutation: You are partially covered in yellow scales. (AC +2) [potion of mutation]
  4827 | D:2      | Gained mutation: Your mind is acute. (Int +2) [potion of mutation]
  5189 | D:3      | Noticed Natasha
  5195 | D:3      | Killed Natasha
  5666 | D:3      | Noticed Crazy Yiuf
  5670 | D:3      | Killed Crazy Yiuf
  5830 | D:4      | Killed Supahsalami's ghost
  6186 | D:5      | Found a sparkling altar of Nemelex Xobeh.
  6260 | D:5      | Found a burning altar of Makhleb.
  6260 | D:5      | Found a glowing golden altar of the Shining One.
  6263 | D:5      | Found a radiant altar of Vehumet.
  6858 | D:6      | Found a deep blue altar of Sif Muna.
  6881 | D:6      | Found an ornate altar of the Wu Jian Council.
  7006 | D:6      | Reached skill level 10 in Unarmed Combat
  7926 | D:8      | Reached skill level 1 in Throwing
  7951 | D:8      | Reached XP level 10. HP: 77/106 MP: 9/9
  8055 | D:9      | Found a staircase to the Lair.
  8092 | Lair:1   | Entered Level 1 of the Lair of Beasts
  8167 | Lair:2   | Noticed a seven-headed hydra
  8187 | Lair:2   | Noticed a black mamba
  8191 | Lair:2   | Killed a black mamba
  8262 | Lair:2   | Reached skill level 5 in Throwing
  8408 | Lair:2   | Slain by a seven-headed hydra

Skill      XL: |  1  2  3  4  5  6  7  8  9 10 |
---------------+-------------------------------+-----
Fighting       | 3 4 5 6 7 8 |  8.9
Unarmed Combat | 4 5 6 7 8 10 | 10.5
Throwing       | 1 5 |  5.2
Dodging        | |  2.4
Stealth        | |  1.0

Action                   |  1- 3 |  4- 6 |  7- 9 | 10-12 || total
-------------------------+-------+-------+-------+-------++-------
Melee: Unarmed           |    63 |    92 |   526 |    38 ||   719
       Punch             |     1 |     1 |    16 |     1 ||    19
       Quarterstaff      |       |       |       |     5 ||     5
Throw: Tomahawk          |       |    51 |    58 |       ||   109
Evoke: Wand              |       |       |     3 |       ||     3
  Use: Potion            |     3 |     4 |     7 |     3 ||    17
       Scroll            |     1 |       |     1 |     2 ||     4
 Stab: Sleeping          |     3 |       |     1 |       ||     4
       Invisible         |       |       |     8 |       ||     8
  Eat: Chunk             |     4 |    15 |    60 |     5 ||    84
       Ration            |     2 |       |       |       ||     2
Armor: Robe              |    24 |    25 |   152 |    31 ||   232
Dodge: Dodged            |    40 |    43 |   215 |    21 ||   319
